[Event "Live Chess"]
[Site "Chess.com"]
[Date "2023.05.21"]
[Round "-"]
[White "wadsy27"]
[Black "LanceMaster23"]
[Result "1-0"]
[WhiteElo "2569"]
[BlackElo "1946"]
[TimeControl "300"]
[EndTime "2:18:16 PDT"]
[Termination "wadsy27 won on time"]

1. c4 Nf6 2. g3 c6 3. Bg2 d5 4. Nf3 Bf5 5. Qb3 Qb6 6. d3 e6 7. Be3 Qc7 8. cxd5 exd5 9. O-O Be7 10. Nc3 O-O 11. Rac1 Na6 12. Nd4 Bg6 13. Bf4 Qd7 14. Qd1 Rfe8 15. Nb3 Bd6 16. Bxd6 Qxd6 17. a3 Re7 18. Na5 Rae8 19. b4 Bh5 20. Bf3 Bxf3 21. exf3 b6 22. Nxc6 Qxc6 23. b5 Qd6 24. bxa6 Qxa3 25.
Nb5 Qxa6 26. Nc7 Qb7 27. Nxe8 Rxe8 28. Re1 Rb8 29. Qa4 b5 30. Qb4 Qb6 31. Ra1 Rc8 32. Qa5 Qd4 33. Qxb5 h6 34. Ra2 Rc3 35. Qb8+ Kh7 36.
Qxa7 Qxd3 37. Qxf7 Qxf3 38. Ra7 Nh5 39. Qxf3 Rxf3 40. Ree7 Rf5 41. Rad7 Rg5 42. Re6 Nf4 43. Red6 h5 44. h4 Rg4 45. Kh2 Ng6 46. Rxd5 Nxh4 47. Rxh5+ Kg6 48. Rxh4 Rg5 49. Rd6+ Kf7 50. Rf4+ Kg8 51. Rd8+ Kh7 52. Rd7 Kg6 53. Rff7 Kh7 54. Rxg7+ Kh6 55. Rh7+ Kg6 56. Rdg7+ Kf5 57. Rg6 1-0

[Event "Live Chess"]
[Site "Chess.com"]
[Date "2023.05.21"]
[Round "-"]
[White "Crowded_House"]
[Black "hunany_3"]
[Result "0-1"]
[WhiteElo "1655"]
[BlackElo "1733"]
[TimeControl "300"]
[EndTime "2:18:24 PDT"]
[Termination "hunany_3 won by resignation"]

1. d4 Nf6 2. Bg5 g6 3. e3 Bg7 4. c3 d6 5. Nf3 Nbd7 6. Bd3 O-O 7. Nbd2 h6 8. Bh4 e5 9. dxe5 dxe5 10. Ne4 Qe8 11. Nxf6+ Nxf6 12. Bxf6 Bxf6 13. Bc2 Bg4 14. h3 Rd8 15. Qc1 Bd7 16. O-O Bg7 17. Bb3 Bc6 18. Nh2 h5 19. Rd1 Qe7 20. Qc2 Qg5 21. f4 exf4 22. exf4 Qf6 23. Qf2 Kh7 24. Rxd8 Rxd8 25.
Rd1 Rxd1+ 26. Bxd1 a6 27. Bf3 Bxf3 28. Qxf3 c6 29.
Nf1 Bh6 30. g3 g5 31. Kg2 gxf4 32. gxf4 Qxf4 33. Qxf4 Bxf4 34. b3 Kg6 35. c4 Kf5 36.
Kf3 Ke5 37. Ke2 Kd4 38. Nd2 Kc3 39. Ne4+ Kb2 40. Nc5 b6 41. Nxa6 Kxa2 42. b4 Ka3 43. b5 cxb5 44. cxb5 Ka4 45. Kf3 Bd6 46. Ke4 Kxb5 47.
Kf5 Kxa6 48. Kf6 b5 49. Kxf7 h4 50. Kg6 Bg3 51. Kh5 b4 52. Kg4 b3 0-1

[Event "Live Chess"]
[Site "Chess.com"]
[Date "2023.05.21"]
[Round "-"]
[White "EdenHazard8"]
[Black "Brooms1989"]
[Result "1-0"]
[WhiteElo "1975"]
[BlackElo "1109"]
[TimeControl "300"]
[EndTime "2:18:31 PDT"]
[Termination "EdenHazard8 won by checkmate"]

1. e4 e5 2. Nf3 Nc6 3. Bc4 Nf6 4.
Ng5 d5 5. exd5 Na5 6. Bb5+ c6 7. dxc6 bxc6 8. Bd3 Nd5 9. Nf3 Bd6 10. O-O O-O 11.
Re1 f6 12. Nc3 Nb7 13. Ne4 Bg4 14. c4 Ne7 15. c5 Nxc5 16. Nxc5 Bxc5 17. Qc2 Bb6 18.
Qc4+ Kh8 19. Bxh7 Bxf3 20. Qh4 Bxf2+ 21. Kxf2 Qb6+ 22. Re3 Bd5 23. Bg6+ Kg8 24. Qh7# 1-0

[Event "Live Chess"]
[Site "Chess.com"]
[Date "2023.05.21"]
[Round "-"]
[White "Mechhead7"]
[Black "smoggyrabbit"]
[Result "1-0"]
[WhiteElo "1775"]
[BlackElo "1701"]
[TimeControl "300"]
[EndTime "2:19:17 PDT"]
[Termination "Mechhead7 won on time"]

1. e4 e6 2. d4 d5 3. Nc3 Nf6 4. Bg5 Be7 5. e5 Nfd7 6. h4 h6 7. Bxe7 Qxe7 8. Nb5 Nb6 9. Nf3 a6 10. Nc3 c5 11. Be2 Nc6 12. h5 cxd4 13. Nxd4 Nxe5 14. f4 Nec4 15. b3 Ne3 16. Qd2 Nxg2+ 17. Kf2 Nxf4 18. Qxf4 e5 19. Qg3 exd4 20. Nd1 Qf6+ 21.
Bf3 d3 22. Ne3 dxc2 23. Nxc2 Be6 24. Rhe1 Rc8 25. Re2 Rxc2 26. Rxc2 Qxa1 27. Qb8+ Ke7 28. Qxh8 Qd4+ 29. Kg2 Qe5 30. Re2 Qg5+ 31. Kf2 Qh4+ 32. Kg2 Qh3+ 33. Kf2 Qh2+ 34. Ke3 Qg1+ 35. Kd2 Qg5+ 36.
Kd1 Qg1+ 37. Re1 Qd4+ 38. Ke2 Qb2+ 39. Kf1 Qf6 40. Re3 Qg5 41. Ke2 Qh4 42. Qxg7 Qh2+ 43. Qg2 Qxg2+ 44. Bxg2 d4 45. Re4 Nd7 46. Rxd4 Nf6 47.
Bxb7 Nxh5 48. Re4 1-0

[Event "Live Chess"]
[Site "Chess.com"]
[Date "2023.05.21"]
[Round "-"]
[White "Reggie016"]
[Black "chessfiction"]
[Result "0-1"]
[WhiteElo "1088"]
[BlackElo "2334"]
[TimeControl "300"]
[EndTime "2:19:59 PDT"]
[Termination "chessfiction won by checkmate"]

1. e4 e5 2. Nc3 Bc5 3. f4 exf4 4.
Nf3 g5 5. d4 Bb4 6. h4 g4 7.
Ne5 h5 8. Bxf4 Nc6 9. Bc4 Nxe5 10. Bxe5 Rh7 11. O-O Qxh4 12. Nd5 g3 13. Nxc7+ Kd8 14.
Qf3 Qh2# 0-1

[Event "Live Chess"]
[Site "Chess.com"]
[Date "2023.05.21"]
[Round "-"]
[White "wadsy27"]
[Black "TheSmoulderingMaster"]
[Result "1-0"]
[WhiteElo "2569"]
[BlackElo "1698"]
[TimeControl "300"]
[EndTime "2:20:05 PDT"]
[Termination "wadsy27 won by resignation"]

1. e4 c5 2. Nf3 d6 3. d4 cxd4 4. Nxd4 Nf6 5. Nc3 g6 6. Be3 Bg7 7. f3 O-O 8. Qd2 Nc6 9. O-O-O d5 10. Nxc6 bxc6 11. Bc4 Qa5 12. Bb3 Ba6 13. Kb1 Rab8 14.
Nxd5 Qxd2 15. Nxe7+ Kh8 16. Rxd2 Rfe8 17. Nxc6 1-0

[Event "Live Chess"]
[Site "Chess.com"]
[Date "2023.05.21"]
[Round "-"]
[White "ProfPoisson"]
[Black "LiamClery2020"]
[Result "0-1"]
[WhiteElo "1228"]
[BlackElo "2015"]
[TimeControl "300"]
[EndTime "2:20:12 PDT"]
[Termination "LiamClery2020 won by resignation"]

1. e4 Nf6 2. e5 Nd5 3. Nf3 d6 4.
Bc4 Nb6 5. Bxf7+ Kxf7 6. Ng5+ Kg8 7. exd6 exd6 8. d3 Nc6 9. O-O Bf5 10. Qf3 Bg6 11. Nc3 Be7 12. h4 Qd7 13. Nce4 Rf8 14. Qg3 Nd4 15. Re1 Nxc2 16. Re3 Nxa1 17. b3 Nc2 18. Rf3 Rxf3 19. Nxf3 d5 20. Neg5 Bd6 21.
Bf4 h6 22. Ne5 Bxe5 23. Bxe5 hxg5 24. Qxg5 Qe8 25. Bxc7 Rh5 26. Qg4 Qd7 27. Qxg6 Rh6 28. Qg5 Qxc7 29. Qd2 Rg6 30. Qxc2 Qxc2 0-1

[Event "Live Chess"]
[Site "Chess.com"]
[Date "2023.05.21"]
[Round "-"]
[White "HadesLearmonth"]
[Black "Bot_Boy"]
[Result "1-0"]
[WhiteElo "1203"]
[BlackElo "334"]
[TimeControl "300"]
[EndTime "2:20:42 PDT"]
[Termination "HadesLearmonth won on time"]

1. e4 d6 2. d4 e5 3. d5 Nf6 4. Bg5 h6 5. Bxf6 Qxf6 6. Nf3 g5 7.
Nc3 g4 8. Nd2 Bg7 9. Nb3 Bd7 10.
Nb5 c6 11. Nc7+ Kf8 12. Nxa8 h5 13. dxc6 Bxc6 14. Nc7 Bxe4 15. Bc4 Bxg2 16. Rg1 Bf3 17. Qd3 Rh6 18. Nd5 e4 19. Qe3 Qxb2 20. Qxa7 Re6 21.
Qxb8+ Re8 22. Qxd6+ Kg8 23. Kd2 e3+ 24. fxe3 Bc3+ 25.
Nxc3 Rxe3 26. Kxe3 Qxc3+ 27. Kf4 1-0

[Event "Live Chess"]
[Site "Chess.com"]
[Date "2023.05.21"]
[Round "-"]
[White "OceanFloater"]
[Black "Leonid_Starozhilov"]
[Result "0-1"]
[WhiteElo "1021"]
[BlackElo "2632"]
[TimeControl "300"]
[EndTime "2:20:44 PDT"]
[Termination "Leonid_Starozhilov won by checkmate"]

1. e4 c5 2. Nf3 Nc6 3. Bc4 e6 4.
a3 d5 5. exd5 exd5 6. Bb5 Bd6 7.
b4 Ne7 8. bxc5 Bxc5 9. d4 Qa5+ 10. Nc3 Bxd4 11. Nxd4 Qxc3+ 12. Bd2 Qxd4 13. Bxc6+ Nxc6 14. O-O O-O 15. Be3 Qxd1 16. Raxd1 d4 17. Bxd4 Nxd4 18. Rxd4 Be6 19. c3 Rfc8 20. Rc1 Rc7 21. c4 Rac8 22.
c5 Kf8 23. f4 Rxc5 24. Rxc5 Rxc5 25. Rd8+ Ke7 26. Rd1 b5 27. h3 a5 28. g4 g6 29.
Kg2 b4 30. a4 b3 31. Kg3 b2 32.
f5 Rc1 33. Rxc1 bxc1=Q 34. fxe6 fxe6 35. Kh4 h6 36. g5 Qf4# 0-1

[Event "Live Chess"]
[Site "Chess.com"]
[Date "2023.05.21"]
[Round "-"]
[White "LiamBellwood"]
[Black "NatashaRegan"]
[Result "0-1"]
[WhiteElo "1965"]
[BlackElo "1765"]
[TimeControl "300"]
[EndTime "2:20:56 PDT"]
[Termination "NatashaRegan won by resignation"]

1. d4 Nf6 2. Nc3 d5 3. Bf4 g6 4. e3 Bg7 5. h4 h5 6. Nf3 Bg4 7.
Qd2 c6 8. Ne5 Bf5 9. Bd3 Bxd3 10. Qxd3 Nbd7 11. f3 Nxe5 12. Bxe5 O-O 13. O-O-O a5 14.
Rdg1 a4 15. g4 b5 16. Bxf6 exf6 17. gxh5 gxh5 18. Qf5 Qd6 19. Qxh5 Rfe8 20. Qg4 Qf8 21. h5 Kh7 22. Qf5+ Kh6 23. Qf4+ Kh7 24. h6 Bxh6 25. Qxf6 Re6 26. Rxh6+ Qxh6 27. Qxf7+ Kh8 28. f4 Rf8 29. Qd7 Rxe3 30. Qg4 Re7 31. Kb1 Rg7 0-1

[Event "Live Chess"]
[Site "Chess.com"]
[Date "2023.05.21"]
[Round "-"]
[White "domrobson"]
[Black "OleksiyJr1"]
[Result "1-0"]
[WhiteElo "1712"]
[BlackElo "973"]
[TimeControl "300"]
[EndTime "2:21:08 PDT"]
[Termination "domrobson won by checkmate"]

1. d4 Nf6 2. c4 c6 3. Nc3 d5 4. Nf3 Bg4 5. Ne5 Nbd7 6. Nxg4 Nxg4 7. cxd5 cxd5 8. e4 Ngf6 9. e5 Ne4 10. Nxd5 e6 11.
Nc3 Nxc3 12. bxc3 Nb6 13. Bb5+ Nd7 14. Qa4 a6 15. Bxd7+ Qxd7 16. Qxd7+ Kxd7 17. O-O Rc8 18. Bd2 Be7 19. Rab1 Rc7 20. Rb6 Rhc8 21. Rfb1 Rb8 22.
Rxa6 f6 23. exf6 Bxf6 24. Ra4 e5 25. dxe5 Bxe5 26. Re4 Bxc3 27. Bf4 Bd2 28. Bxc7 Rc8 29. Rd4+ Ke8 30. Rxd2 Rxc7 31. Re1+ Kf8 32. Red1 Ke7 33. Kf1 Ke6 34. Rd6+ Ke5 35. R1d5+ Ke4 36. f3+ Ke3 37. Rd3+ Kf4 38. R6d4+ Ke5 39. Re4+ Kf5 40. Rd5+ Kf6 41. g4 Rc1+ 42. Kg2 Rc2+ 43. Kg3 Rxa2 44. Rf5+ Kg6 45. Re6# 1-0

[Event "Live Chess"]
[Site "Chess.com"]
[Date "2023.05.21"]
[Round "-"]
[White "Denz14"]
[Black "elephantgerrald"]
[Result "1-0"]
[WhiteElo "1046"]
[BlackElo "688"]
[TimeControl "300"]
[EndTime "2:21:11 PDT"]
[Termination "Denz14 won by checkmate"]

1. d4 d5 2. Bf4 Nc6 3. e3 Bf5 4.
Bd3 Bxd3 5. Qxd3 Nb4 6. Qb5+ Nc6 7. Nc3 a6 8. Qe2 Qd7 9. Nf3 O-O-O 10. a3 Nf6 11. b4 e6 12. O-O b5 13. Rfb1 h5 14.
h3 Ne4 15. Nxe4 dxe4 16. Ne5 Nxe5 17. Bxe5 f6 18. Bh2 g5 19. c4 bxc4 20. Qxc4 Qb5 21. Qxb5 axb5 22. a4 bxa4 23. Rxa4 f5 24. Be5 Rg8 25.
Rc1 c6 26. Rxc6+ Kb7 27. Rc7+ Kb6 28. Raa7 Bxb4 29. Rcb7+ Kc6 30. Rxb4 g4 31. Ra6+ Kd5 32.
hxg4 fxg4 33. Rb5+ Kc4 34. Rc5+ Kb4 35. Rb6+ Ka4 36.
Rc1 Ka5 37. Bc7 Rc8 38. Ra1# 1-0

[Event "Live Chess"]
[Site "Chess.com"]
[Date "2023.05.21"]
[Round "-"]
[White "Shepherds_Pie"]
[Black "Mugzwang"]
[Result "1-0"]
[WhiteElo "1942"]
[BlackElo "1551"]
[TimeControl "300"]
[EndTime "2:21:26 PDT"]
[Termination "Shepherds_Pie won on time"]

1. c4 e5 2. Nc3 Nf6 3. Nf3 Nc6 4.
e3 Bb4 5. Qc2 O-O 6. Nd5 Nxd5 7.
cxd5 Ne7 8. Nxe5 d6 9. Nf3 Bf5 10. Qb3 a5 11. a3 Bc5 12. Be2 a4 13. Qc4 Qb8 14. O-O b5 15. Qxb5 Qxb5 16. Bxb5 Nxd5 17.
Bc6 Bd3 18. Re1 Nb6 19. Bxa8 Rxa8 20. b4 axb3 21. Bb2 Na4 22. Rab1 Bxb1 23. Rxb1 Nxb2 24. Rxb2 Rxa3 25. g4 Bb4 26. Kf1 c5 27. Ke2 f6 28.
Ne1 Ra2 29. Nd3 Rxb2 30. Nxb2 Kf7 31. Kd3 Ke6 32. Kc4 Ke5 33. d3 f5 34. f4+ Ke6 35.
gxf5+ Kxf5 36. Kxb3 Kg4 37. Nc4 Kh3 38. e4 Kxh2 39.
f5 h5 40. Nxd6 h4 41. e5 h3 42. Ne4 Kg2 43. e6 h2 44. e7 h1=Q 45. e8=Q Qb1+ 46. Kc4 Qa2+ 47. Kb5 Qa5+ 48. Kc6 Qa6+ 49. Kd7 Qa4+ 50.
Kd8 Ba5+ 51. Kc8 Qxe8+ 52. Kb7 Qd7+ 53. Ka6 Qc7 54. Kb5 Qb6+ 55. Kc4 Qb4+ 56. Kd5 Qd4+ 57. Ke6 Qxd3 58. Nxc5 Qc4+ 59. Ke5 Qxc5+ 60. Kf4 1-0

[Event "Live Chess"]
[Site "Chess.com"]
[Date "2023.05.21"]
[Round "-"]
[White "JackCheetham1"]
[Black "Hacker_2009"]
[Result "0-1"]
[WhiteElo "1694"]
[BlackElo "1916"]
[TimeControl "300"]
[EndTime "2:21:35 PDT"]
[Termination "Hacker_2009 won by resignation"]

1. e4 c5 2. Ne2 d6 3. c3 Nf6 4. d3 e6 5. Qc2 Be7 6. Bg5 O-O 7. g3 Nc6 8. Bg2 d5 9. O-O b6 10. Nd2 Bb7 11. h3 Rc8 12. Rad1 Qc7 13. f4 Rfd8 14. Nf3 dxe4 15. dxe4 h6 16. Bh4 Na5 17. Bxf6 Bxf6 18. Kh2 Nc4 19. Rxd8+ Rxd8 20. Qb1 Nd2 21. Nxd2 Rxd2 22.
Rf2 Ba6 23. Qe1 Qd7 24. Ng1 Rxf2 25. Qxf2 Qd3 26. e5 Be7 27. Qf3 Qd7 28. Qa8+ Kh7 29. Be4+ g6 30. Qc6 Qd2+ 31. Bg2 Bc4 32. Qc7 Bd5 0-1

[Event "Live Chess"]
[Site "Chess.com"]
[Date "2023.05.21"]
[Round "-"]
[White "hturner40"]
[Black "Tiltador"]
[Result "1-0"]
[WhiteElo "1798"]
[BlackElo "845"]
[TimeControl "300"]
[EndTime "2:21:39 PDT"]
[Termination "hturner40 won by checkmate"]

1. Nf3 Nc6 2. e4 e6 3. d4 d5 4. e5 Nge7 5. Bg5 g6 6. Bf6 Rg8 7.
h4 Bg7 8. Bxg7 Rxg7 9. h5 gxh5 10. Rxh5 b6 11. Bd3 Nf5 12. Bxf5 exf5 13. g3 Be6 14. c3 Qe7 15. Qd3 O-O-O 16. Nbd2 Kb7 17. O-O-O Na5 18. Nh4 Nc4 19. Nxf5 Bxf5 20. Qxf5 Nxd2 21.
Kxd2 Qd7 22. Qxd7 Rxd7 23. Rdh1 a5 24. Rxh7 Rxh7 25. Rxh7 Ka6 26. e6 Rd8 27. Rxf7 Re8 28. e7 c5 29. f4 cxd4 30. cxd4 b5 31. f5 b4 32. f6 Kb5 33. Rf8 Rxe7 34. fxe7 Kc4 35.
Ke3 a4 36. e8=Q b3 37. Qc6+ Kb4 38. Qc5# 1-0

[Event "Live Chess"]
[Site "Chess.com"]
[Date "2023.05.21"]
[Round "-"]
[White "yeetpizza74"]
[Black "Pandreq"]
[Result "1-0"]
[WhiteElo "481"]
[BlackElo "1237"]
[TimeControl "300"]
[EndTime "2:21:53 PDT"]
[Termination "yeetpizza74 won by checkmate"]

1. e4 e5 2. Nf3 Nc6 3. Bc4 h6 4.
d3 Bc5 5. O-O Nf6 6. c3 d5 7. exd5 Nxd5 8. d4 Nb6 9. dxc5 Nxc4 10. Nbd2 O-O 11. Nxc4 Re8 12. Re1 Qxd1 13. Rxd1 Bg4 14.
Re1 e4 15. Nfd2 f5 16. f3 exf3 17. Rxe8+ Rxe8 18. Nxf3 Bxf3 19. gxf3 Ne5 20. Nxe5 Rxe5 21. Bf4 Rxc5 22. Re1 Kf7 23. Re5 Rxe5 24. Bxe5 c6 25.
b4 b5 26. a3 a6 27. Kf2 g6 28. f4 Ke6 29. Bd4 g5 30. fxg5 hxg5 31. h3 Kd5 32. Be3 f4 33. Bd2 Ke4 34. Ke2 f3+ 35. Kf2 Kd3 36.
Bxg5 Kxc3 37. Kxf3 Kb3 38. h4 Kxa3 39. h5 Kxb4 40.
h6 c5 41. h7 c4 42. h8=Q c3 43. Be7+ Kb3 44. Bf6 b4 45. Qa8 c2 46. Qd5+ Ka3 47.
Qc4 b3 48. Qc3 a5 49. Qb2+ Kb4 50. Be7+ Kc4 51. Ke3 a4 52. Qd4+ Kb5 53. Qc5+ Ka6 54. Bd8 Kb7 55. Qc7+ Ka8 56. Kd4 a3 57. Kc5 a2 58. Kb6 a1=Q 59. Qb7# 1-0

[Event "Live Chess"]
[Site "Chess.com"]
[Date "2023.05.21"]
[Round "-"]
[White "Duke_of_Bebington"]
[Black "gmnorfolk"]
[Result "0-1"]
[WhiteElo "1586"]
[BlackElo "2129"]
[TimeControl "300"]
[EndTime "2:22:13 PDT"]
[Termination "gmnorfolk won by resignation"]

1. e4 c5 2. c3 d5 3. exd5 Nf6 4. Nf3 Nxd5 5. Bb5+ Bd7 6. Bc4 e6 7. O-O Be7 8. d4 cxd4 9. Nxd4 O-O 10. Re1 Nc6 11. Be3 Bf6 12. Nxc6 Bxc6 13. Nd2 Nxe3 14. Rxe3 Qb6 15.
Qc2 Rfd8 16. Rh3 g6 17. Nf3 Qc5 18. Bb3 a5 19. a4 Rd6 20. Qe2 Rad8 21. Rd1 Rxd1+ 22.
Bxd1 Qd5 23. Bc2 Qa2 24. b3 Qa1+ 25. Ne1 Bxc3 26. Bd3 Qxe1+ 27. Qxe1 Bxe1 0-1

[Event "Live Chess"]
[Site "Chess.com"]
[Date "2023.05.21"]
[Round "-"]
[White "TheSmoulderingMaster"]
[Black "LiamClery2020"]
[Result "0-1"]
[WhiteElo "1696"]
[BlackElo "2017"]
[TimeControl "300"]
[EndTime "2:22:28 PDT"]
[Termination "LiamClery2020 won by resignation"]

1. e4 Nf6 2. e5 Nd5 3. d4 d6 4. c4 Nb6 5. f4 dxe5 6. fxe5 Nc6 7. Nf3 Bg4 8. Be2 e6 9. Nc3 Qd7 10. Be3 Bxf3 11. Bxf3 Nxc4 12. Bg5 Nxd4 13. O-O Nxf3+ 14. Qxf3 c6 15. Rad1 Qc7 16. Rd4 Bc5 17. Qd3 Nxe5 18. Bf4 Rd8 0-1

[Event "Live Chess"]
[Site "Chess.com"]
[Date "2023.05.21"]
[Round "-"]
[White "WelshTiger"]
[Black "MarkLim1"]
[Result "1-0"]
[WhiteElo "2350"]
[BlackElo "1722"]
[TimeControl "300"]
[EndTime "2:22:38 PDT"]
[Termination "WelshTiger won on time"]

1. e4 e6 2. d4 d5 3. Nd2 c5 4. exd5 Qxd5 5. dxc5 Qxc5 6. Ngf3 Nf6 7. Bd3 Nbd7 8. O-O b6 9. Qe2 Bb7 10. Ne4 Qc7 11.
c3 Be7 12. Bg5 O-O 13. Rad1 Rfd8 14. Bb1 Rac8 15. Nxf6+ Nxf6 16. Ne5 Rd5 17. Rxd5 Nxd5 18. Bxe7 Qxe7 19. Re1 Nf6 20. f3 Qc5+ 21. Qf2 Qxf2+ 22. Kxf2 Kf8 23. g4 Rd8 24. Bc2 h6 25. h4 Ke7 26.
Rd1 Rxd1 27. Bxd1 Nd7 28. f4 f6 29. Nd3 Kd6 30. Ke3 e5 31. Bb3 exf4+ 32. Nxf4 g5 33. hxg5 fxg5 34. Nd3 Ne5 35. Nxe5 Kxe5 36. Bd1 Bc8 37. Be2 Be6 38. a3 Kd5 39. b3 Ke5 40.
c4 a5 41. b4 axb4 42. axb4 Bd7 43. b5 Bc8 44. Bf3 Be6 45. c5 bxc5 46. b6 Bc8 47. b7 Bxb7 48. Bxb7 c4 49. Be4 c3 50.
Bg6 Kd5 51. Bc2 Kc4 52. Ke4 Kb4 53. Kd4 Ka3 54. Kxc3 Ka2 55. Kd4 h5 56. gxh5 1-0

[Event "Live Chess"]
[Site "Chess.com"]
[Date "2023.05.21"]
[Round "-"]
[White "RamsayFlayer"]
[Black "YrrriKharkiv"]
[Result "0-1"]
[WhiteElo "1965"]
[BlackElo "2070"]
[TimeControl "300"]
[EndTime "2:22:44 PDT"]
[Termination "YrrriKharkiv won on time"]

1. e4 e6 2. d4 d5 3. Nc3 Nf6 4.
e5 Nfd7 5. f4 c5 6. Nf3 Nc6 7.
dxc5 Bxc5 8. Bd3 Qb6 9. Na4 Qa5+ 10. c3 Be7 11. b4 Nxb4 12. cxb4 Bxb4+ 13. Bd2 b5 14. Nb2 Nc5 15. Bxb4 Qxb4+ 16. Qd2 Qxd2+ 17. Kxd2 a6 18. Rac1 Nd7 19. a4 Rb8 20. axb5 axb5 21. Rc7 O-O 22. Rhc1 f6 23. Nd4 fxe5 24. Nxe6 Re8 25.
fxe5 Nxe5 26. Nxg7 Rd8 27. Bxh7+ Kh8 28. Nh5 Nc4+ 29.
Nxc4 dxc4+ 30. Kc3 Rd7 31. Rxd7 Bxd7 32. Be4 Be6 33.
Nf4 b4+ 34. Kd4 Rd8+ 35. Kc5 Bf7 36. Bd5 b3 37. Bxf7 b2 38. Rb1 c3 39. Bb3 Rc8+ 40.
Kb4 c2 41. Bxc2 Rxc2 42. Kb3 Rf2 43. Rxb2 Rxf4 44. Kc3 Kg7 45. Kd3 Rf6 46. Ke3 Kg6 47. g3 Re6+ 48. Kf3 Rf6+ 49. Kg2 Rd6 50. h3 Re6 51. Rb5 Rd6 52. h4 Re6 53. Kh3 Rd6 54. g4 Rd3+ 55. Kg2 Rd2+ 56. Kf3 Rd3+ 57. Kf4 Rd6 58.
Rg5+ Kh6 59. h5 Rd4+ 60. Ke5 Ra4 61. Rg6+ Kh7 62. Kf5 Ra5+ 63. Kf4 Ra4+ 64. Kg3 Ra3+ 65. Kh4 Ra1 66. Rd6 Ra7 67. g5 Ra4+ 68. Kg3 Ra3+ 69. Kf4 Ra4+ 70. Kf5 Ra5+ 71. Kf6 Ra7 72. Rd7+ Rxd7 73.
g6+ Kg8 74. h6 Rd6+ 0-1

[Event "Live Chess"]
[Site "Chess.com"]
[Date "2023.05.21"]
[Round "-"]
[White "KeithArkell"]
[Black "RockTroll"]
[Result "1-0"]
[WhiteElo "2511"]
[BlackElo "2208"]
[TimeControl "300"]
[EndTime "2:22:44 PDT"]
[Termination "KeithArkell won by resignation"]

1. d4 d5 2. Nf3 Nf6 3. c4 e6 4. cxd5 exd5 5. Nc3 Bb4 6. Qa4+ Nc6 7.
Bg5 h6 8. Bxf6 Qxf6 9. e3 O-O 10. Be2 Be6 11. O-O a6 12. a3 Bd6 13. Qc2 Ne7 14. Na4 b6 15. b4 g5 16. Nc5 Bf5 17. Nd3 Qg7 18. Rac1 Ng6 19. g3 Bh3 20. Rfe1 f6 21. Bf1 Bf5 22. Qc6 Be4 23. Nd2 f5 24. Nxe4 dxe4 25.
Ne5 Nxe5 26. dxe5 Qxe5 27. Red1 f4 28. Qd5+ Qxd5 29. Rxd5 fxe3 30. fxe3 Rf3 31. Re1 b5 32. Bg2 Rf6 33. Bxe4 Re8 34. Bc2 Rfe6 35. Kf2 Rf8+ 36. Kg2 Ref6 37. Rd2 Kg7 38. Ree2 Re8 39. Bb3 Rf5 40.
Bd5 Rfe5 41. e4 R5e7 42. h3 Be5 43. Rf2 Rf8 44. Rxf8 Kxf8 45. Rc2 Bd6 46. Rc6 a5 47.
bxa5 Bxa3 48. a6 1-0

[Event "Live Chess"]
[Site "Chess.com"]
[Date "2023.05.21"]
[Round "-"]
[White "Biranidun"]
[Black "ElectricFalcon"]
[Result "1-0"]
[WhiteElo "2551"]
[BlackElo "1080"]
[TimeControl "300"]
[EndTime "2:22:57 PDT"]
[Termination "Biranidun won by checkmate"]

1. e4 e5 2. Nf3 Nc6 3. Bc4 Nf6 4. Ng5 d5 5. exd5 Nxd5 6. Nxf7 Kxf7 7. Qf3+ Ke6 8. Nc3 Ne7 9. O-O g6 10. d4 Bg7 11.
Bg5 c6 12. Rfe1 Rf8 13. Qh3+ Kf7 14. Qh4 Kg8 15. Bxe7 Qe8 16. Nxd5 cxd5 17. Bxd5+ Kh8 18. Bxf8 Qxf8 19. dxe5 Bf5 20. Bxb7 Rb8 21. Rad1 Bxc2 22. Rd2 Bf5 23. Be4 Bxe4 24. Qxe4 Rb4 25. Rd8 Rxe4 26. Rxf8+ Bxf8 27. Rxe4 Bg7 28. e6 Kg8 29. e7 Bxb2 30.
e8=Q+ Kg7 31. Qd7+ Kh6 32. Rh4+ Kg5 33. f4+ Kxh4 34.
Qh3# 1-0

[Event "Live Chess"]
[Site "Chess.com"]
[Date "2023.05.21"]
[Round "-"]
[White "RichardABates"]
[Black "bedsdrout"]
[Result "1-0"]
[WhiteElo "2139"]
[BlackElo "339"]
[TimeControl "300"]
[EndTime "2:23:16 PDT"]
[Termination "RichardABates won by checkmate"]

1. d4 d5 2. c4 Nf6 3. cxd5 Nxd5 4. Nf3 Nc6 5. e4 Nf4 6. Bxf4 Bg4 7. Bb5 e6 8. Nc3 Bb4 9. Qa4 O-O 10. Bxc6 bxc6 11.
Qxb4 Rb8 12. Qc4 Rxb2 13. O-O Rb5 14. Nxb5 cxb5 15. Qxc7 Qxc7 16. Bxc7 Bh5 17. Bd6 Rc8 18. Rac1 Rd8 19. Be7 Ra8 20. Rc7 h6 21. Rfc1 Bg4 22.
Ne5 h5 23. Rc8+ Rxc8 24. Rxc8+ Kh7 25. h3 Bd1 26. f4 h4 27. f5 a5 28. Nxf7 exf5 29. exf5 Bh5 30. Ng5+ Kh6 31. Rh8# 1-0

[Event "Live Chess"]
[Site "Chess.com"]
[Date "2023.05.21"]
[Round "-"]
[White "Pablo_dmp"]
[Black "HoarseyHorsey"]
[Result "1-0"]
[WhiteElo "1855"]
[BlackElo "1442"]
[TimeControl "300"]
[EndTime "2:23:27 PDT"]
[Termination "Pablo_dmp won by resignation"]

1. e4 c5 2. a3 e6 3. b4 d5 4.
e5 a6 5. bxc5 Bxc5 6. d4 Be7 7.
Nf3 Nc6 8. Bd3 f6 9. Qe2 fxe5 10. dxe5 Qc7 11. Nbd2 Bc5 12. Nb3 Bb6 13. Be3 Nge7 14. O-O O-O 15. Ng5 Bxe3 16. fxe3 Nf5 17. g4 Nxe5 18.
gxf5 Nxd3 19. cxd3 exf5 20. Qh5 h6 21. Nf3 Be6 22. Nbd4 Rf6 23. Nxe6 Rxe6 24. Qxf5 Rxe3 25. Qxd5+ Kh8 26. Rae1 Rae8 27. Rxe3 Rxe3 28. d4 Qe7 29. Qc5 Qe4 30. Qf8+ Kh7 31. h3 Re2 32. Rf2 Qg6+ 33. Kf1 Re4 34. Ne5 Qh5 35. Qf5+ Qxf5 36. Rxf5 Rxd4 37. Rf7 Rd3 38. Nxd3 1-0

[Event "Live Chess"]
[Site "Chess.com"]
[Date "2023.05.21"]
[Round "-"]
[White "Delacorta"]
[Black "apl_trainer"]
[Result "0-1"]
[WhiteElo "1406"]
[BlackElo "1740"]
[TimeControl "300"]
[EndTime "2:23:29 PDT"]
[Termination "apl_trainer won by resignation"]

1. d4 Nf6 2. Nf3 c5 3. e3 g6 4. h4 Bg7 5. c3 b6 6. Be2 Bb7 7. Rg1 O-O 8. g4 d5 9. h5 Nbd7 10. Nh4 e5 11. hxg6 fxg6 12. Qc2 Ne4 13. f3 Qxh4+ 14.
Kd1 Nf2+ 15. Kd2 exd4 16. cxd4 Rac8 17. Qb3 cxd4 18. Qb5 dxe3+ 19. Kxe3 Bh6+ 20. f4 Bxf4+ 0-1

[Event "Live Chess"]
[Site "Chess.com"]
[Date "2023.05.21"]
[Round "-"]
[White "Berdgross"]
[Black "mliszewski"]
[Result "0-1"]
[WhiteElo "658"]
[BlackElo "1837"]
[TimeControl "300"]
[EndTime "2:23:47 PDT"]
[Termination "mliszewski won by resignation"]

1. d4 d5 2. e3 Nc6 3. Bb5 Nf6 4. Nf3 Bg4 5. h3 Bxf3 6. Qxf3 e6 7. Bxc6+ bxc6 8. Nc3 c5 9. dxc5 Bxc5 10. O-O O-O 11. a3 Bb6 12. Rd1 c5 13. b4 cxb4 14. axb4 Qc7 15.
Bb2 Rfd8 16. Nb5 Qxc2 17. Rab1 Qg6 18. Rbc1 a6 19. Nc3 Rac8 20. Na4 Ba7 21. Rxc8 Rxc8 22. Rc1 Rxc1+ 23. Bxc1 Qb1 24. Qd1 Qxb4 25. Qc2 h6 26. Qc8+ Kh7 27. Qc2+ Ne4 28. f3 Qe1+ 29. Kh2 Qg3+ 30. Kg1 Qf2+ 31. Kh2 Bxe3 32. Bxe3 Qxe3 33. fxe4 dxe4 34. Nb2 Qf4+ 35. Kg1 f5 36. Nc4 e3 37. Qc1 Qf2+ 38. Kh2 e2 39. Nd2 e1=Q 40. Qxe1 Qxe1 0-1

[Event "Live Chess"]
[Site "Chess.com"]
[Date "2023.05.21"]
[Round "-"]
[White "FMOlexandrProhorov"]
[Black "Denz14"]
[Result "1-0"]
[WhiteElo "2172"]
[BlackElo "1046"]
[TimeControl "300"]
[EndTime "2:23:50 PDT"]
[Termination "FMOlexandrProhorov won by resignation"]

1. d4 Nf6 2. Nc3 d6 3. Bg5 g6 4. Bxf6 Bg7 5. Nf3 Bxf6 6. g3 O-O 7. Bg2 Bg4 8. O-O Qd7 9. e3 Bh3 10. Qd3 Bxg2 11. Kxg2 Bg7 12. h4 h5 13. Ng5 Qf5 14. e4 Qg4 15. f4 Nc6 16. Ne2 Nb4 17. Qd2 a5 18. c3 Nc6 19. Rae1 f6 20. Nh3 Qe6 21. d5 1-0

[Event "Live Chess"]
[Site "Chess.com"]
[Date "2023.05.21"]
[Round "-"]
[White "hunany_3"]
[Black "EdenHazard8"]
[Result "0-1"]
[WhiteElo "1730"]
[BlackElo "1978"]
[TimeControl "300"]
[EndTime "2:24:00 PDT"]
[Termination "EdenHazard8 won by resignation"]

1. e4 c6 2. d4 d5 3. exd5 cxd5 4.
Bd3 Nc6 5. c3 Qc7 6. Ne2 Bg4 7. f3 Bh5 8. Bf4 e5 9. dxe5 Nxe5 10. O-O O-O-O 11. Bf5+ Kb8 12. Qd4 Bc5 13. Bxe5 Bxd4+ 14. cxd4 Rd6 15. Na3 a6 16. Rac1 Qb6 17. Rc8+ Ka7 18. Bxd6 Qxd6 19. Rfc1 Bg6 20. Bh3 Qe7 21. Kf2 Qh4+ 22. Kg1 Qe7 23. Kf2 Qh4+ 24. Kg1 Qg5 25. Kf2 Qd2 26. R1c2 Bxc2 27. Rxc2 Qa5 28. Rc5 Qb6 29. Nc3 Nf6 30. Na4 Qb4 0-1